 Dungeon Crawl Stone Soup version 0.25-a0-1113-g0499d652a8 (webtiles) character file.

Game seed: 13824344494050209908, levelgen mode: deterministic

299386 Flugslaktarn the Tortoise (level 19, -17/188 HPs)
             Began as a Deep Dwarf Fighter on May 16, 2020.
             Was the Champion of Makhleb.
             Demolished by a titan (24 damage)
             ... while paralysed
             ... on level 5 of the Vaults.
             The game lasted 00:19:57 (21871 turns).

Flugslaktarn the Tortoise (Deep Dwarf Fighter)     Turns: 21871, Time: 00:19:57

Health: -17/188    AC: 32    Str: 27    XL:     19   Next: 73%
Magic:  15/15      EV:  2    Int:  9    God:    Makhleb [******]
Gold:   1445       SH:  0    Dex: 13    Spells: 18/18 levels left

rFire    + + .     SeeInvis .   a - +3 war axe (elec)
rCold    + + .     Gourm    .   E - +2 kite shield {reflect}
rNeg     + . .     Faith    +   s - +5 gold dragon scales
rPois    +         Spirit   .   (no helmet)
rElec    .         Reflect  +   M - scarf {rC+ rF+}
rCorr    .         Harm     .   y - +0 pair of gloves
MR       +++..                  b - +2 pair of boots {Stlth+}
Stlth    ..........             L - amulet of faith
HPRegen  0.00/turn              m - ring of protection from magic
MPRegen  0.14/turn              (no ring)

@: paralysed, berserk cooldown, non-regenerating, slowed, lightly drained
A: damage resistance, heal wounds, negative energy resistance 1, sense
surroundings 3, no regeneration
}: 3/15 runes: barnacled, silver, gossamer
a: Heal Wounds, Minor Destruction, Lesser Servant of Makhleb, Major Destruction,
Greater Servant of Makhleb, Renounce Religion


You were on level 5 of the Vaults.
You worshipped Makhleb.
Makhleb was exalted by your worship.
You were not hungry.

You visited 6 branches of the dungeon, and saw 35 of its levels.
You also visited: Sewer and Ice Cave.

You collected 2395 gold pieces.
You spent 950 gold pieces at shops.

Inventory:

Hand Weapons
 a - a +3 war axe of electrocution (weapon)
 R - a +0 broad axe
   (You took it off a vault guard on level 5 of the Vaults)
Missiles
 v - 6 throwing nets (quivered)
Armour
 b - a +2 pair of boots of stealth (worn)
   (You found it on level 10 of the Dungeon)
 s - +5 gold dragon scales (worn)
   (You found it on level 10 of the Dungeon)
 y - a +0 pair of gloves (worn)
   (You found it on level 3 of the Lair of Beasts)
 E - a +2 kite shield of reflection (worn)
   (You took it off a tengu warrior on level 14 of the Dungeon)
 M - a scarf of resistance (worn)
   (You bought it in a shop on level 2 of the Vaults)
Jewellery
 d - the ring of Zewnuj {+Blink MR+}
   (You found it on level 5 of the Vaults)

   [ring of protection from magic]

   It affects your resistance to hostile enchantments.
   It lets you blink.
 f - an uncursed ring of protection from fire
   (You took it off a vault guard on level 5 of the Vaults)
 k - an uncursed ring of resist corrosion
   (You took it off a vault guard on level 5 of the Vaults)
 m - a ring of protection from magic (left hand)
   (You found it on level 1 of the Dungeon)
 F - an uncursed ring of ice
   (You found it on level 6 of the Lair of Beasts)
 H - the ring of Moodiness {rPois rC+ MR- Str+5 SInv}
   (You took it off a vault warden on level 5 of the Vaults)

   [ring of protection from cold]

   It affects your strength (+5).
   It protects you from cold.
   It protects you from poison.
   It affects your resistance to hostile enchantments.
   It lets you see invisible.
 L - an amulet of faith (around neck)
   (You found it on level 2 of the Shoals)
 O - an uncursed ring of flight
   (You took it off a yaktaur on level 5 of the Vaults)
Wands
 G - a wand of iceblast (7)
   (You found it on level 14 of the Dungeon)
 K - a wand of enslavement (5)
   (You found it on level 2 of the Spider Nest)
 N - a wand of paralysis (6)
   (You found it on level 3 of the Shoals)
 S - a wand of clouds (7)
   (You took it off a yaktaur on level 5 of the Vaults)
 U - a wand of acid (7)
   (You found it on level 5 of the Vaults)
Scrolls
 c - 3 scrolls of enchant weapon
 j - 3 scrolls of fog
 n - 8 scrolls of magic mapping
 o - 4 scrolls of fear
 p - 4 scrolls of immolation
 q - a scroll of silence
 r - 12 scrolls of identify
 t - 10 scrolls of teleportation
 x - 7 scrolls of remove curse
 z - a scroll of blinking
 A - a scroll of brand weapon
 I - a scroll of summoning
 T - a scroll of holy word
Potions
 h - a potion of haste
 i - 4 potions of stabbing
 l - 8 potions of flight
 u - 2 potions of cancellation
 w - 3 potions of heal wounds
 B - 5 potions of ambrosia
 D - a potion of magic
 J - 7 potions of lignification
 Q - 4 potions of mutation
Miscellaneous
 C - a tin of tremorstones (3/3)
   (You found it on level 10 of the Dungeon)
Comestibles
 e - 33 rations
 P - 9 chunks of flesh


   Skills:
 + Level 15.9(15.6) Fighting
 - Level 16.0(15.7) Axes
 + Level 18.4(18.2) Armour
 + Level 14.3(14.1) Dodging
 - Level 15.0(14.7) Shields
 - Level 15.0(14.7) Invocations
 - Level 6.0(5.8) Evocations


You had 18 spell levels left.
You didn't know any spells.
Your spell library was empty.

Dungeon Overview and Level Annotations

Branches:
Dungeon (15/15)            Temple (1/1) D:6            Lair (6/6) D:10
 Shoals (4/4) Lair:2       Spider (4/4) Lair:2        Slime (0/5) Lair:6
    Orc (0/2) D:12         Vaults (5/5) D:14         Depths (0/5) D:15
  Sewer (visited)           IceCv (visited)
  Crypt: Vaults:2-3

Altars:
Ashenzari
Cheibriados
Dithmenos
Elyvilon
Fedhas
Gozag
Hepliaklqana
Kikubaaqudgha
Makhleb
Nemelex Xobeh
Okawaru
Qazlal
Ru
Sif Muna
Trog
Uskayaw
Vehumet
Wu Jian
Xom
Yredelemnul
Zin
The Shining One

Shops:
D:4 *   D:5 (   Shoals:4 ?   Vaults:2 *:[

Annotations:
D:7 1 runed translucent door, Crazy Yiuf
Vaults:5 Frederick


Innate Abilities, Weirdness & Mutations

You are resistant to damage.
You can heal yourself by infusing magical energy.
You resist negative energy. (rN+)
You passively map a large area around you.
You do not regenerate.


Message History

You chop the shadow dragon into pieces!!!
The shadow dragon is severely wounded.
You slice the titan!!
You kill the titan!
Makhleb accepts your kill.
You feel better.
You slash the titan!
You are no longer berserk.
You pass out from exhaustion.
You feel yourself slow down. The titan hits you!!
* * * LOW HITPOINT WARNING * * *
The shadow dragon bites you but does no damage.
The shadow dragon claws you!
* * * LOW HITPOINT WARNING * * *
The shadow dragon claws you but does no damage.
The ettin completely misses you.
The ettin hits you with a +0 dire flail.
* * * LOW HITPOINT WARNING * * *
The titan hits you!!
You die...

........<<......... , ,,
,,,, .......<..<........, ,
, , , ........<<........, ,,
,, ................. , ,
#####...รท....###########*
.###....[............... , ,
..#...#))..#.....##... , ,,
.....##....#..##C##.# , , *
....###....#..##@Dp.##... ,
* .....##....#.....C).@....
, ,,
......#....#.##...:[.##.. ,
.....##....#.##.[)|..# * ,,
#...###....#.....))..... , ,
.....##....#..##..D.##...,,*
......# #..*#.##.# .. ,* *
.....## ,, #. ..# ...,,. ,
,, ....##*, ,#. #.. .## **
,,


You could see Frederick, a shadow dragon, an iron dragon, a titan, a vault guard
and an ettin.

Vanquished Creatures
  Nikola (Vaults:3)
  3 golden dragons (Vaults:5)
  Jorgrun (D:12)
  3 tentacled monstrosities (Vaults:5)
  4 titans (Vaults:5)
  2 quicksilver dragons (Vaults:5)
  A sphinx (Vaults:5)
  3 tengu reavers
  2 storm dragons (Vaults:5)
  4 shadow dragons (Vaults:5)
  Donald (Vaults:1)
  13 vault wardens
  An iron dragon (Vaults:5)
  3 fire giants (Vaults:5)
  3 emperor scorpions
  A ghost moth (shapeshifter) (Vaults:5)
  4 frost giants
  4 ghost moths
  A very ugly thing (Vaults:5)
  4 war gargoyles (Vaults:5)
  8 stone giants
  2 entropy weavers (Spider:1)
  3 ironheart preservers (Vaults:5)
  Nessos (D:12)
  An entropy weaver (shapeshifter) (D:10)
  2 deep elf demonologists (Vaults:5)
  A deep elf death mage (Vaults:5)
  10 merfolk impalers
  2 ettins (Vaults:5)
  6 merfolk javelineers
  Josephine (D:12)
  3 deep elf high priests (Vaults:5)
  8 yaktaur captains
  3 hydras
  20 vault guards (Vaults:5)
  2 great orbs of eyes (Vaults:5)
  2 ice dragons (Vaults:3)
  3 merfolk avatars
  5 catoblepae
  A merfolk aquamancer (Shoals:3)
  2 centaur warriors (D:14)
  4 ogre magi
  7 death scarabs (Spider:4)
  A dancing weapon (Vaults:5)
  A queen ant (Spider:1)
  14 two-headed ogres
  6 death yaks (Lair:6)
  3 tengu warriors (D:14)
  Urug (D:10)
  A vampire mage (D:15)
  Nergalle (D:10)
  Sonja (D:12)
  A deep elf knight (D:10)
  2 unseen horrors
  2 deep trolls
  A spectral emperor scorpion (Spider:4)
  3 skeletal warriors
  A wizard (Vaults:3)
  A flayed ghost (Vaults:5)
  12 sea snakes
  A glowing orange brain (D:10)
  An unseen horror (shapeshifter) (Vaults:1)
  A lindwurm (Lair:4)
  An orc knight (Vaults:2)
  9 harpies
  9 ironbrand convokers
  A harpy (shapeshifter) (Vaults:5)
  2 spectral wolf spiders (Spider:4)
  4 orb spiders
  2 necromancers
  8 wolf spiders
  10 manticores
  An orc sorcerer (D:10)
  A deep elf mage (Vaults:5)
  5 ugly things
  7 fauns
  A sphinx skeleton (Vaults:2)
  A fire giant zombie (Vaults:2)
  5 merfolk sirens
  A human skeleton (Vaults:2)
  7 black mambas
  5 cyclopes
  5 elephants (Lair:6)
  3 water nymphs
  4 centaur zombies
  Maurice (D:8)
  2 torpor snails
  8 spiny frogs
  5 vault sentinels
  A spriggan zombie (D:15)
  A redback zombie (Spider:4)
  25 yaktaurs
  A yaktaur zombie (D:15)
  2 rime drakes (Lair:5)
  6 demonic crawlers
  3 freezing wraiths
  4 komodo dragons
  A tengu conjurer (D:14)
  32 merfolk
  4 trolls
  13 jumping spiders
  A jumping spider (shapeshifter) (D:14)
  3 hornets
  A polar bear (Lair:3)
  11 blink frogs
  Prince Ribbit (D:5)
  A meliai (shapeshifter) (Vaults:5)
  A stone giant simulacrum (Vaults:2)
  A spectral jumping spider (Spider:4)
  2 wind drakes (Shoals:3)
  5 spectral tarantellas (Spider:4)
  4 jumping spider zombies (Spider:4)
  6 snapping turtles
  An ettin zombie (D:15)
  34 dream sheep
  12 hippogriffs
  A spriggan (D:11)
  A fire dragon zombie (D:15)
  38 redbacks
  7 water elementals
  A shadow (D:11)
  12 tarantellas
  5 wraiths (D:12)
  A wyvern (Lair:3)
  3 basilisks
  57 yaks
  3 hungry ghosts
  4 vampire mosquitoes
  4 insubstantial wisps (Lair:5)
  22 soldier ants
  An acid dragon (D:14)
  20 water moccasins
  A soldier ant (shapeshifter) (Vaults:5)
  9 porcupines
  2 floating eyes (shapeshifter) (D:14)
  4 orc warriors
  12 ice beasts
  3 sky beasts
  A hornet zombie (Spider:4)
  4 eyes of draining
  2 phantoms (D:7)
  A black bear (D:8)
  9 wolves
  5 ogres
  12 centaurs
  9 crocodiles
  5 big kobolds
  14 bullfrogs
  3 scorpions
  8 killer bees
  5 wights (D:9)
  3 howler monkeys
  4 electric eels
  3 crimson imps
  A quasit (D:6)
  3 hounds
  3 orc priests
  6 orc wizards
  2 centaur skeletons
  8 jellies
  4 iguanas
  31 worker ants
  A killer bee zombie (D:6)
  A hound skeleton (D:4)
  A howler monkey zombie (D:8)
  A worker ant zombie (D:6)
  9 adders
  4 river rats (Sewer)
  2 shadow imps
  6 oozes (Sewer)
  2 adder zombies
  An adder skeleton (D:5)
  3 worms
  2 dart slugs
  6 leopard geckos
  27 orcs
  4 giant cockroaches
  2 goblins (D:3)
  3 hobgoblins
  22 kobolds
  3 quokkas
  7 ball pythons
  3 bats
  3 frilled lizards (D:4)
  6 rats
  9 fungi
  10 plants
  A withered plant (D:15)
992 creatures vanquished.

Vanquished Creatures (collateral kills)
  A titan (Vaults:5)
  A lich (Vaults:5)
  A ghost moth (Spider:4)
  A vault warden (Vaults:5)
  An emperor scorpion (Spider:4)
  2 spark wasps (Spider:4)
  A merfolk javelineer (Shoals:4)
  4 hydras
  2 two-headed ogres (Vaults:5)
  A death scarab (Spider:4)
  2 wolf spider zombies (Spider:4)
  An orb spider (Spider:4)
  A wolf spider (Spider:4)
  A merfolk siren (Shoals:4)
  A spectral redback (Spider:4)
  A spiny frog (Lair:3)
  2 demonic crawlers (Spider:4)
  3 merfolk (Shoals:4)
  A wind drake (Shoals:4)
  A hornet (Spider:4)
  2 jumping spiders
  A spectral jumping spider (Spider:4)
  A spectral tarantella (Spider:4)
  A redback (Spider:4)
  3 tarantellas (Spider:4)
  A yak (Lair:4)
  3 water moccasins (Lair:4)
  A bullfrog (Lair:2)
  An orc priest (D:9)
43 creatures vanquished.

Vanquished Creatures (others)
  A rakshasa (Vaults:2)
  A harpy (Shoals:4)
  A manticore (Shoals:4)
  A vault sentinel (Vaults:5)
  A vampire mosquito (Lair:5)
  7 fungi
  11 plants
23 creatures vanquished.

Grand Total: 1058 creatures vanquished

Notes
Turn   | Place    | Note
-------+----------+-------------------------------------------
     0 | D:1      | Flugslaktarn the Deep Dwarf Fighter began the quest for the
                  | Orb.
     0 | D:1      | Reached XP level 1. HP: 20/20 MP: 1/1
   233 | D:2      | Reached XP level 2. HP: 25/27 MP: 2/2
   401 | D:3      | Reached XP level 3. HP: 30/33 MP: 3/3
   425 | D:4      | Reached XP level 4. HP: 30/42 MP: 4/4
   538 | D:4      | Reached skill level 4 in Armour
   553 | D:4      | Reached XP level 5. HP: 35/49 MP: 5/5
  1078 | D:4      | Found Boas's General Store.
  1087 | D:4      | Bought a scroll of enchant weapon for 90 gold pieces
  1170 | D:5      | Entered Level 5 of the Dungeon
  1193 | D:5      | Reached XP level 6. HP: 53/56 MP: 6/6
  1262 | D:5      | Reached skill level 5 in Axes
  1313 | D:5      | Found a glowing drain.
  1335 | Sewer    | Entered a sewer
  1576 | Sewer    | Reached XP level 7. HP: 56/64 MP: 7/7
  1689 | Sewer    | Reached skill level 5 in Armour
  1749 | Sewer    | Reached skill level 5 in Shields
  1935 | D:5      | Noticed Prince Ribbit
  2066 | D:5      | Found Jorudirgh's Weapon Boutique.
  2584 | D:5      | Killed Prince Ribbit
  2584 | D:5      | Reached XP level 8. HP: 56/73 MP: 6/6
  2701 | D:6      | Reached skill level 6 in Armour
  2702 | D:6      | Reached skill level 5 in Fighting
  2816 | D:6      | Found a staircase to the Ecumenical Temple.
  3012 | Temple   | Entered the Ecumenical Temple
  3335 | Temple   | Became a worshipper of Makhleb the Destroyer
  3586 | D:7      | Reached skill level 1 in Invocations
  3793 | D:7      | Found a runed translucent door.
  3794 | D:7      | Noticed Crazy Yiuf
  3868 | D:7      | Gained mutation: You passively map the area around you.
                  | [Deep Dwarf growth]
  3868 | D:7      | Reached XP level 9. HP: 42/81 MP: 8/8
  4170 | D:8      | Found an iron altar of Okawaru.
  4349 | D:8      | Reached skill level 7 in Armour
  4660 | D:8      | Noticed Maurice
  5163 | D:8      | Killed Maurice
  5264 | D:8      | Found an iron altar of Okawaru.
  5656 | D:9      | Reached * piety under Makhleb
  6017 | D:9      | Reached XP level 10. HP: 45/91 MP: 10/10
  6186 | D:9      | Reached skill level 10 in Axes
  6193 | D:9      | Reached skill level 5 in Invocations
  6340 | D:9      | Found a hazy altar of Hepliaklqana.
  6529 | D:10     | Entered Level 10 of the Dungeon
  6617 | D:10     | Reached ** piety under Makhleb
  6634 | D:10     | Noticed Urug
  6676 | D:10     | Killed Urug
  6676 | D:10     | Reached skill level 8 in Armour
  6868 | D:10     | Found a runed translucent door.
  6868 | D:10     | Noticed a deep troll
  6868 | D:10     | Noticed a deep elf knight
  6868 | D:10     | Noticed a manticore
  6869 | D:10     | Found the +8 autumn katana {vorpal, Clar}
  6869 | D:10     | Noticed a guardian serpent
  6869 | D:10     | a manticore changed into a guardian serpent
  6870 | D:10     | Noticed an orc sorcerer
  6870 | D:10     | Noticed a yaktaur captain
  6870 | D:10     | Noticed a glowing orange brain
  6870 | D:10     | Noticed a yaktaur captain
  6870 | D:10     | Noticed a yaktaur captain
  6870 | D:10     | a guardian serpent changed into a meliai
  6974 | D:10     | Found a staircase to the Lair.
  7068 | D:10     | Noticed Nergalle
  7164 | D:10     | Killed Nergalle
  7164 | D:10     | Reached XP level 11. HP: 79/100 MP: 11/11
  7224 | D:10     | Noticed a stone giant
  7231 | D:10     | Noticed a dire elephant
  7231 | D:10     | a stone giant changed into a dire elephant
  7239 | D:10     | Killed a yaktaur captain
  7247 | D:10     | Noticed an iron giant
  7247 | D:10     | a dire elephant changed into an iron giant
  7250 | D:10     | Noticed a quicksilver dragon
  7250 | D:10     | an iron giant changed into a quicksilver dragon
  7282 | D:10     | Noticed a fire giant
  7287 | D:10     | Killed a yaktaur captain
  7288 | D:10     | Noticed a quicksilver dragon
  7288 | D:10     | a fire giant changed into a quicksilver dragon
  7292 | D:10     | Noticed a frost giant
  7292 | D:10     | a quicksilver dragon changed into a frost giant
  7299 | D:10     | Noticed a dire elephant
  7299 | D:10     | a frost giant changed into a dire elephant
  7305 | D:10     | Noticed a storm dragon
  7305 | D:10     | a dire elephant changed into a storm dragon
  7306 | D:10     | Noticed a dire elephant
  7306 | D:10     | a storm dragon changed into a dire elephant
  7309 | D:10     | Noticed a death yak
  7309 | D:10     | a dire elephant changed into a death yak
  7311 | D:10     | a death yak changed into a tyrant leech
  7315 | D:10     | Noticed an entropy weaver
  7315 | D:10     | a tyrant leech changed into an entropy weaver
  7316 | D:10     | Killed a deep troll
  7316 | D:10     | Killed an orc sorcerer
  7316 | D:10     | Killed a deep elf knight
  7316 | D:10     | Reached skill level 9 in Armour
  7316 | D:10     | Killed a yaktaur captain
  7316 | D:10     | Killed an entropy weaver
  7353 | D:10     | Killed a glowing orange brain
  7442 | Lair:1   | Entered Level 1 of the Lair of Beasts
  7450 | Lair:1   | Reached skill level 1 in Evocations
  7583 | D:4      | Bought a scroll of enchant armour for 90 gold pieces
  7583 | D:4      | Bought a scroll of brand weapon for 240 gold pieces
  7808 | Lair:1   | Found a frozen archway.
  7818 | Lair:1   | Reached *** piety under Makhleb
  7833 | IceCv    | Entered an ice cave
  7853 | IceCv    | Reached skill level 5 in Evocations
  8120 | Lair:1   | Reached XP level 12. HP: 110/110 MP: 11/11
  8793 | Lair:2   | Noticed an eight-headed hydra
  8813 | Lair:2   | Killed a 13-headed hydra
  8905 | Lair:2   | Noticed a four-headed hydra
  8907 | Lair:2   | Found a hole to the Spider Nest.
  8942 | Lair:2   | Killed a nine-headed hydra
  9025 | Lair:2   | Found a gate leading to a gauntlet.
  9178 | Lair:2   | Found a staircase to the Shoals.
  9190 | Lair:2   | Reached skill level 10 in Shields
  9762 | Lair:3   | Noticed a four-headed hydra
  9775 | Lair:3   | Killed an eight-headed hydra
  9775 | Lair:3   | Reached skill level 10 in Armour
 10074 | Lair:3   | Identified the Tome of Boosts and the Escort
 10234 | Lair:3   | Reached **** piety under Makhleb
 10471 | Lair:4   | Noticed an eight-headed hydra
 10494 | Lair:4   | Killed a 15-headed hydra
 10537 | Lair:4   | Noticed a six-headed hydra
 10545 | Lair:4   | Reached skill level 10 in Invocations
 10556 | Lair:4   | Reached XP level 13. HP: 67/120 MP: 11/11
 11584 | Lair:5   | Reached skill level 11 in Armour
 12211 | Lair:6   | Entered Level 6 of the Lair of Beasts
 12576 | Lair:6   | Reached ***** piety under Makhleb
 12597 | Lair:6   | Reached skill level 15 in Axes
 12623 | Lair:6   | Found a staircase to the Slime Pits.
 12727 | Lair:6   | Gained mutation: You resist negative energy. (rN+) [Deep
                  | Dwarf growth]
 12727 | Lair:6   | Reached XP level 14. HP: 130/130 MP: 13/13
 12922 | Lair:6   | Reached skill level 10 in Fighting
 13798 | D:11     | Identified a scroll of acquirement
 13864 | D:12     | Found a staircase to the Orcish Mines.
 13864 | D:12     | Noticed Josephine
 13873 | D:12     | Noticed Jorgrun
 13895 | D:12     | Killed Josephine
 13899 | D:12     | Killed Jorgrun
 13899 | D:12     | Reached skill level 12 in Armour
 13984 | D:12     | Noticed Sonja
 13985 | D:12     | Noticed Nessos
 14019 | D:12     | Killed Sonja
 14026 | D:12     | Killed Nessos
 14127 | D:12     | Reached ****** piety under Makhleb
 14670 | D:14     | Found a snail-covered altar of Cheibriados.
 14904 | D:15     | Entered Level 15 of the Dungeon
 14942 | D:15     | Found a staircase to the Depths.
 14962 | D:15     | Reached XP level 15. HP: 80/140 MP: 15/15
 15275 | D:14     | Found a gate to the Vaults.
 15275 | D:14     | You fall into a shaft and drop 1 floor!
 15727 | Spider:1 | Entered Level 1 of the Spider Nest
 15984 | Spider:1 | Reached skill level 13 in Armour
 16103 | Spider:1 | Reached skill level 1 in Dodging
 16278 | Spider:2 | Killed a ghost moth
 16489 | Spider:4 | Entered Level 4 of the Spider Nest
 16690 | Spider:4 | Killed a ghost moth
 16705 | Spider:4 | Killed a ghost moth
 16991 | Spider:4 | Reached XP level 16. HP: 125/152 MP: 17/17
 17122 | Spider:4 | Reached skill level 5 in Dodging
 17176 | Spider:4 | Got a gossamer rune of Zot
 17427 | Shoals:1 | Entered Level 1 of the Shoals
 17470 | Shoals:1 | Reached skill level 14 in Armour
 17779 | Shoals:2 | Reached skill level 15 in Invocations
 18037 | Shoals:4 | Entered Level 4 of the Shoals
 18064 | Shoals:4 | Found Bisoen's Magic Scroll Emporium.
 18176 | Shoals:4 | Bought a scroll of enchant armour for 97 gold pieces
 18176 | Shoals:4 | Bought a scroll of enchant weapon for 97 gold pieces
 18502 | Shoals:4 | Reached XP level 17. HP: 104/162 MP: 17/17
 18511 | Shoals:4 | Identified the cursed +1 scimitar of Harmony {venom, rElec
                  | rF- rC+ Dex+4}
 18781 | Shoals:4 | Reached skill level 15 in Shields
 18784 | Shoals:4 | Reached skill level 15 in Armour
 18826 | Shoals:4 | Got a barnacled rune of Zot
 19346 | Vaults:1 | Entered Level 1 of the Vaults
 19346 | Vaults:1 | Noticed Donald
 19368 | Vaults:1 | Killed Donald
 19653 | Vaults:2 | Found Ymibai Cilo's Antique Armour Shoppe.
 19701 | Vaults:2 | Bought a runed scarf for 336 gold pieces
 19926 | Vaults:2 | Found Dadwot's Book Emporium.
 19990 | Vaults:2 | Found Xouleroq's Assorted Antiques.
 20074 | Vaults:2 | Reached skill level 10 in Dodging
 20101 | Vaults:3 | Noticed Nikola
 20121 | Vaults:3 | Killed Nikola
 20368 | Vaults:3 | Reached skill level 16 in Armour
 20491 | Vaults:5 | Entered Level 5 of the Vaults
 20497 | Vaults:5 | Noticed a quicksilver dragon
 20500 | Vaults:5 | Noticed a titan
 20513 | Vaults:5 | Noticed a golden dragon
 20514 | Vaults:5 | Killed a quicksilver dragon
 20514 | Vaults:5 | Gained mutation: You passively map a large area around you.
                  | [Deep Dwarf growth]
 20514 | Vaults:5 | Reached XP level 18. HP: 174/174 MP: 17/17
 20529 | Vaults:5 | Identified the ring of Moodiness {rPois rC+ MR- Str+5 SInv}
 20554 | Vaults:5 | Killed a golden dragon
 20592 | Vaults:5 | Noticed a tentacled monstrosity
 20600 | Vaults:5 | Killed a tentacled monstrosity
 20681 | Vaults:5 | Reached skill level 17 in Armour
 21051 | Vaults:5 | Noticed a tentacled monstrosity
 21078 | Vaults:5 | Killed a tentacled monstrosity
 21103 | Vaults:5 | Identified the +0 demon whip of Beogh's Envy {drain,
                  | *Corrode MR++ Dex+3}
 21110 | Vaults:5 | Reached skill level 15 in Fighting
 21151 | Vaults:5 | Reached XP level 19. HP: 103/186 MP: 15/15
 21186 | Vaults:5 | Identified the ring of Zewnuj {+Blink MR+}
 21271 | Vaults:5 | Noticed a golden dragon
 21311 | Vaults:5 | Killed a golden dragon
 21372 | Vaults:5 | Got a silver rune of Zot
 21519 | Vaults:5 | Reached skill level 18 in Armour
 21553 | Vaults:5 | Identified the +6 spear of Sloth {vorpal, *Contam Str+2
                  | Dex+2}
 21826 | Vaults:5 | Identified the +0 ring mail of Pioxaek {rElec}
 21839 | Vaults:5 | Noticed a golden dragon
 21859 | Vaults:5 | Killed a golden dragon
 21864 | Vaults:5 | Noticed Frederick
 21870 | Vaults:5 | HP: 7/188 [ettin/+0 dire flail (3)]
 21871 | Vaults:5 | Demolished by a titan

Illustrated notes

Levels and vault maps discovered:
D:1:      lightli_arrival_chessboard, layout_loops_ring, hangedman_decor_push
D:2:      layout_basic, chequers_ecumenical_altar_island, minmay_misc_feat_chi,
          lemuel_tele_altar
D:3:      layout_rooms
D:4:      layout_cave_pods, first_ration, serial_shops, shop_fountains,
          serial_glass, glass_columns_b, glass_columns_a, glass_columns_a,
          glass_columns_b, glass_columns_a, glass_columns_b, glass_columns_c,
          glass_columns_a, grunt_ministairs_6
D:5:      layout_basic, serial_shops, nicolae_shop_trees,
          cheibrodos_sewer_entry_bend, uniq_prince_ribbit1
D:6:      layout_cave_pools, minmay_temple_entry_sparse_star, st_stairs_6
D:7:      layout_basic, uniq_crazy_yiuf_cottage
D:8:      layout_loops_ring, okawaru_metal_pillars_1_2, uniq_maurice
D:9:      layout_basic, kennysheep_little_box
D:10:     minmay_gate_of_8, layout_rooms, david_lair_shrubbed, uniq_urug,
          uniq_nergalle
D:11:     layout_roguey, the_bakery, kennysheep_generic_room_3
D:12:     layout_cross, orc_0_dummy, serial_shops, shop, uniq_sonja,
          uniq_psyche, uniq_nessos, uniq_jorgrun, uniq_josephine
D:13:     layout_loops_corners
D:14:     layout_stronghold, david_vaults_2, serial_column_ruins,
          column_ruins_circle_medium, column_ruins_hut, column_ruins_open_small,
          column_ruins_grid_2, column_ruins_grid_3, column_ruins_open_medium,
          column_ruins_grid_4, column_ruins_columns_straight,
          column_ruins_columns_dead_end, cheibriados_altar_1
D:15:     gammafunk_depths_entry_grave, layout_stronghold,
          hangedman_abyss_or_decor_lesser_grid, ebering_ghost_xom, basic_altar,
          minmay_misc_feat_hallway, minmay_misc_feat_roman, lemuel_statue_altar
Temple:   roderic_octagonal_lattice_temple
Lair:1:   layout_cave_shapes, portal_ice_cave_entry_ice_beasts,
          serial_bayou_lake_a
Lair:2:   wander_river, layout_cave_pods, elwin_shoals_entry_rooms,
          spider_nest_entry_a, gauntlet_entry_generic, lemuel_fruit_fields,
          serial_bayou_shore_a
Lair:3:   layout_misc_corridors
Lair:4:   beast_lair_carwin_large_4, layout_hall_layers
Lair:5:   layout_roguey, pond
Lair:6:   evilmike_catoblepas_cave, layout_loops_ring, slime_dummy,
          grunt_megastairs_1
Shoals:1: layout_shoals
Shoals:2: layout_shoals
Shoals:3: layout_shoals
Shoals:4: shoals_end_grunt_ice, layout_shoals, serial_shops,
          nicolae_shop_window_shopping
Spider:1: layout_spider_delve, minivault_29
Spider:2: layout_chambers, uniq_azrael, uniq_louise
Spider:3: layout_spider_delve
Spider:4: floodkiller_spider_rune_tomb
Vaults:1: v_misc_14, v_misc_24, ontoclasm_vaults_decontamination,
          ontoclasm_vaults_twist, v_rooms_6, st_greater_box_2, v_pattern_3,
          v_rooms_4, v_misc_23, grunt_vaults_swirl, nicolae_vaults_little_ls,
          vaults_dpeg_hooks, vaults_room_semicircle, vaults_room_fours,
          layout_vaults_omnibox, uniq_donald
Vaults:2: nicolae_vaults_little_squares_4, vaults_room_semicircle, v_misc_32,
          nicolae_vaults_stairing_the_circle, layout_vaults_omnigrid,
          serial_shops, nicolae_shop_trees, shop_statue,
          nicolae_shop_behind_doors, nicolae_shop_waterfront,
          nicolae_shop_trees, uniq_margery, uniq_bai_suzhen
Vaults:3: nicolae_vaults_little_squares_6, minmay_crypt_entry_skeletal_spiral,
          v_alt_pattern_2, hangedman_vaults_stream,
          nicolae_vaults_network_quincunx
          [nicolae_vaults_network_quincunx_subvault,
          nicolae_vaults_network_quincunx_subvault,
          nicolae_vaults_network_quincunx_subvault,
          nicolae_vaults_network_quincunx_subvault,
          nicolae_vaults_network_quincunx_subvault], nicolae_vaults_asterisk,
          grunt_vaults_bifocal, nicolae_vaults_hallways_thing,
          nicolae_vaults_rhombus_6, vaults_room_pools, vaults_room_hallway,
          dpeg_vaults_monster_box, layout_vaults_maze_snakey,
          lightli_enter_wizlab_magi_temple, uniq_boris, uniq_aizul, uniq_nikola
Vaults:4: hangedman_vaults_corner_blocks, nicolae_vaults_sealed_display,
          vaults_mumra_hexcomb, vaults_mumra_lcd, vaults_room_semicircle,
          vaults_standard_mumra_lines, vaults_mumra_minichess, v_misc_19,
          nicolae_vaults_little_squares_4, nicolae_vaults_octagons,
          nicolae_vaults_mini_display_case, layout_vaults_omnicross
Vaults:5: uniq_frederick

Skill      XL: |  1  2  3  4  5  6  7  8  9 10 11 12 13 14 15 16 17 18 19 |
---------------+----------------------------------------------------------+-----
Axes           | 3 4 5 6 8 9 11 12 13 15 16 | 16.0
Fighting       | 3 4 5 6 7 8 9 10 11 12 13 15 | 15.9
Armour         | 4 5 6 7 8 9 10 11 12 13 14 16 17 18 | 18.4
Shields        | 4 5 6 7 8 9 10 11 12 13 14 15 | 15.0
Invocations    | 2 4 6 8 10 11 12 14 15 | 15.0
Evocations     | 6 |  6.0
Dodging        | 4 7 10 13 14 | 14.3

Action                   |  1- 3 |  4- 6 |  7- 9 | 10-12 | 13-15 | 16-18 | 19-21 || total
-------------------------+-------+-------+-------+-------+-------+-------+-------++-------
Melee: War axe           |    72 |   211 |   542 |   687 |  1284 |  1473 |   369 ||  4638
Invok: Minor Destruction |       |       |       |     1 |       |       |       ||     1
       Lesser Servant of |       |       |       |     7 |     2 |       |       ||     9
       Greater Servant o |       |       |       |       |     3 |     5 |       ||     8
 Abil: Heal Wounds       |     1 |     3 |    14 |    28 |     6 |    22 |     2 ||    76
Evoke: Tin of tremorston |       |       |       |     2 |     6 |     6 |     1 ||    15
  Use: Scroll            |       |       |    15 |    11 |     9 |     8 |       ||    43
       Potion            |       |       |       |     8 |     3 |     4 |     2 ||    17
 Stab: Distracted        |       |       |       |     1 |     1 |     1 |       ||     3
       Petrified         |       |       |       |       |     3 |       |     2 ||     5
       Held in net/web   |       |       |       |       |     2 |       |       ||     2
  Eat: Chunk             |       |     3 |     5 |    12 |    18 |     9 |     3 ||    50
       Ration            |       |       |     3 |     2 |     2 |     2 |       ||     9
Armor: Scale mail        |    12 |       |       |       |       |       |       ||    12
       Plate armour      |    52 |   122 |   329 |   196 |       |       |       ||   699
       Gold dragon scale |       |       |       |   320 |  1044 |   918 |   218 ||  2500
Dodge: Dodged            |    18 |    30 |    94 |   137 |   229 |   462 |   110 ||  1080
Block: Kite shield       |    43 |    94 |   297 |   523 |   889 |  1150 |   251 ||  3247
       Reflection        |       |       |       |       |    14 |    90 |     6 ||   110

Table legend:
 A = Non-vault XP
 B = Vault XP
 C = Vault XP percentage of total XP
 D = Non-vault monster count
 E = Vault monster count
 F = Vault count percentage of total count
                 A         B        C        D         E       F
            +---------+---------+-------+---------+---------+-------
      Total |  192304 |  256162 |  57.1 |     642 |     378 |  37.1
            +---------+---------+-------+---------+---------+-------
        D:1 |       8 |       0 |   0.0 |       4 |       0 |   0.0
        D:2 |       6 |       0 |   0.0 |       4 |       0 |   0.0
        D:3 |      28 |       0 |   0.0 |      13 |       0 |   0.0
        D:4 |     177 |      53 |  23.0 |      20 |       2 |   9.1
        D:5 |     546 |     282 |  34.1 |      14 |       2 |  12.5
        D:6 |     706 |      16 |   2.2 |      15 |       1 |   6.2
        D:7 |     665 |       0 |   0.0 |      10 |       0 |   0.0
        D:8 |    1144 |     445 |  28.0 |      17 |       1 |   5.6
        D:9 |    1889 |       0 |   0.0 |      34 |       0 |   0.0
       D:10 |    2853 |    9243 |  76.4 |      29 |      11 |  27.5
       D:11 |    2817 |     234 |   7.7 |      24 |       1 |   4.0
       D:12 |    6283 |    7397 |  54.1 |      31 |       9 |  22.5
       D:14 |   10458 |     573 |   5.2 |      31 |       3 |   8.8
       D:15 |    2720 |    4142 |  60.4 |       6 |       8 |  57.1
     Lair:1 |    2974 |    1029 |  25.7 |      15 |       8 |  34.8
     Lair:2 |    4523 |    1679 |  27.1 |      19 |       6 |  24.0
     Lair:3 |    6276 |       0 |   0.0 |      28 |       0 |   0.0
     Lair:4 |    7252 |    5033 |  41.0 |      22 |      16 |  42.1
     Lair:5 |    4025 |    1091 |  21.3 |      18 |       7 |  28.0
     Lair:6 |    8066 |   14740 |  64.6 |      32 |      33 |  50.8
   Shoals:1 |    8120 |       0 |   0.0 |      17 |       0 |   0.0
   Shoals:2 |    5629 |       0 |   0.0 |       8 |       0 |   0.0
   Shoals:3 |   15412 |       0 |   0.0 |      31 |       0 |   0.0
   Shoals:4 |   21361 |   16827 |  44.1 |      53 |      25 |  32.1
   Spider:1 |    3927 |    7588 |  65.9 |      10 |      43 |  81.1
   Spider:2 |    6240 |       0 |   0.0 |      17 |       0 |   0.0
   Spider:3 |    7704 |       0 |   0.0 |      24 |       0 |   0.0
   Spider:4 |   12188 |   23522 |  65.9 |      24 |      56 |  70.0
   Vaults:1 |    3641 |    2985 |  45.0 |       6 |       3 |  33.3
   Vaults:2 |   18059 |     592 |   3.2 |      33 |       1 |   2.9
   Vaults:3 |    3259 |   19262 |  85.5 |       6 |      18 |  75.0
   Vaults:5 |   23348 |  138535 |  85.6 |      27 |      92 |  77.3
      Sewer |       0 |     332 | 100.0 |       0 |      28 | 100.0
      IceCv |       0 |     562 | 100.0 |       0 |       4 | 100.0
            +---------+---------+-------+---------+---------+-------
